 Dungeon Crawl Stone Soup version 0.27-a0-1202-ge72e49191c (webtiles) character file.

Game seed: 16776408006389221138

1090 deadmanwalking the Covert (level 8, -7/37 HPs)
             Began as a Spriggan Brigand on June 4, 2021.
             Was a Follower of Sif Muna.
             Mangled by Maggie
             ... wielding a +3 vorpal glaive
              (16 damage)
             ... on level 6 of the Dungeon.
             The game lasted 00:26:43 (8773 turns).

deadmanwalking the Covert (Spriggan Brigand)        Turns: 8773, Time: 00:26:43

Health: -7/37      AC:  3    Str:  7    XL:     8   Next: 9%
Magic:  11/11      EV: 19    Int: 14    God:    Sif Muna [*.....]
Gold:   272        SH:  7    Dex: 17    Spells: 7/7 levels left

rFire    . . .     SeeInvis +   a - +1 short sword (vamp)
rCold    . . .     Faith    .   g - +0 buckler
rNeg     . . .     Spirit   .   h - +0 robe
rPois    .         Reflect  .   (helmet restricted)
rElec    .         Harm     .   c - +0 cloak
rCorr    .         Rampage  .   (gloves unavailable)
Will     +....                  (boots unavailable)
Stlth    ++++......             (no amulet)
HPRegen  0.12/turn              (no ring)
MPRegen  0.12/turn              (no ring)

@: mesmerised, very quick
A: very small, no large weapons, unfitting armour, see invisible, speed 3
a: Renounce Religion, Channel Magic


You were on level 6 of the Dungeon.
You worshipped Sif Muna.
Sif Muna was aware of your devotion.
You visited 1 branch of the dungeon, and saw 6 of its levels.

You collected 285 gold pieces.
You spent 13 gold pieces at shops.

Inventory:

Hand Weapons
 a - a +1 vampiric short sword (weapon)
 b - a +4 hunting sling
 f - a +2 dagger
Missiles
 d - 6 poisoned darts (quivered)
 e - 2 curare-tipped darts
 i - 134 arrows
 j - 129 stones
 l - 5 boomerangs
 m - 25 sling bullets
 n - 38 bolts
Armour
 c - a +0 cloak (worn)
 g - a +0 buckler (worn)
 h - a +0 robe (worn)
Magical Staves
 u - a staff of fire
Wands
 o - a wand of flame (4)
Scrolls
 s - a scroll of identify
 v - a scroll of teleportation
Potions
 k - 3 potions of haste
 q - a potion of brilliance
 r - a potion of flight
 t - 3 potions of attraction


   Skills:
 - Level 1.5 Fighting
 + Level 5.2 Short Blades
 - Level 2.0 Throwing
 + Level 5.8 Dodging
 + Level 8.9 Stealth
 + Level 2.9 Shields
 + Level 3.5 Invocations


You had 7 spell levels left.
You didn't know any spells.
Your spell library contained the following spells:

 Spells                   Type           Power      Damage    Failure   Level
 Beastly Appendage        Tmut           0%         N/A       36%         1
 Wereblood                Tmut           0%         N/A       50%         2
 Spider Form              Tmut/Pois      0%         N/A       75%         3
 Ice Form                 Ice/Tmut       0%         N/A       98%         4
 Hydra Form               Tmut           0%         N/A       100%        5


Dungeon Overview and Level Annotations

Branches:
Dungeon (6/15)
 Temple: D:4-7

Altars:
Elyvilon
Makhleb
Nemelex Xobeh
Sif Muna
Uskayaw
Wu Jian

Shops:
D:3 ?   D:4 (   D:5 ?[**

Annotations:
D:5 2 runed translucent doors, ArcanElement's ghost, novice HuFi; Crazy Yiuf
D:6 Grinder; Maggie


Innate Abilities, Weirdness & Mutations

You are very small and have problems with some larger weapons.
You are too small for most types of armour.
You have supernaturally acute eyesight. (SInv)
You cover ground extremely quickly. (Speed+++)


Message History

Maggie is lightly wounded.
Maggie gestures at you while chanting. The bolt of fire misses you.
You hit Maggie but do no damage.
Maggie is lightly wounded.
The adder bites you but does no damage. Maggie casts a spell at you.
The bolt of fire hits you!
You hit Maggie.
Maggie is lightly wounded.
The adder misses you. You block Maggie's attack.
You closely miss Maggie.
Maggie is lightly wounded.
The adder bites you but does no damage. Maggie barely misses you.
You hit Maggie.
Maggie is lightly wounded.
The adder completely misses you. Maggie barely misses you.
The adder barely misses you.
You barely miss Maggie.
Maggie is lightly wounded.
The adder misses you.
Maggie drinks a potion.
Maggie seems to grow stronger.
You hit Maggie.
Maggie is lightly wounded.
The adder completely misses you. Maggie misses you.
You closely miss Maggie.
Maggie is lightly wounded.
The adder misses you.
You hit Maggie but do no damage.
Maggie is lightly wounded.
You block Maggie's attack. The adder completely misses you.
You hit Maggie but do no damage.
Maggie is lightly wounded.
The adder completely misses you.
Maggie hits you with a +3 vorpal glaive!
* * * LOW HITPOINT WARNING * * *
x2 You hit Maggie.
You feel better.
Maggie is moderately wounded.
The adder closely misses you.
Maggie hits you with a +3 vorpal glaive!
You die...

#.. ### #[## #.! ..?
##### #.# #.###
#..#.####.###...# #
##.......#.##....#.#..
#............._.......
#......##.#..(.##.#..
#....S@.#.#.."##
####.#@.#.###.###.#
...#..#.........# ..#.
#..#####.##### ## #.
#........# #
##.......######
#..>..(.......#
#..........#..##..#
#.................


You could see Maggie (mesmerising, strong) and an adder.

Vanquished Creatures
  A hornet zombie (D:4)
  An ogre (D:4)
  Blork the orc (D:6)
  A bullfrog (D:4)
  A scorpion (D:4)
  A water moccasin zombie (D:4)
  4 hounds
  An orc priest (D:5)
  A bullfrog skeleton (D:5)
  A gnoll shaman (D:4)
  3 iguanas
  Natasha (twice) (D:3)
  2 orc wizards (D:6)
  Terence (D:2)
  A hound skeleton (D:4)
  9 gnolls
  4 adders
  2 white imps (D:6)
  3 ufetubi
  2 worms
  5 orcs
  7 ball pythons
  7 bats
  4 endoplasms
  4 giant cockroaches
  7 goblins
  7 hobgoblins
  5 jackals
  9 kobolds
  2 quokkas
  5 frilled lizards
  4 rats
108 creatures vanquished.

Notes
Turn   | Place    | Note
-------+----------+-------------------------------------------
     0 | D:1      | deadmanwalking the Spriggan Brigand began the quest for the
                  | Orb.
     0 | D:1      | Reached XP level 1. HP: 10/10 MP: 2/2
   138 | D:1      | Reached skill level 6 in Stealth
   334 | D:1      | Reached XP level 2. HP: 13/14 MP: 3/3
   494 | D:1      | Found a faded altar of an unknown god.
   580 | D:1      | You fall into a shaft and drop 1 floor!
  1002 | D:2      | Found a burning altar of Makhleb.
  1094 | D:2      | Reached XP level 3. HP: 18/18 MP: 4/4
  1333 | D:2      | Noticed Terence
  1349 | D:2      | Killed Terence
  1494 | D:2      | Reached XP level 4. HP: 22/22 MP: 5/5
  1707 | D:3      | Found Qyvvitzo's Magic Scroll Shop.
  1714 | D:3      | Bought a scroll of noise for 13 gold pieces
  1813 | D:3      | Found a shimmering blue altar of Sif Muna.
  1817 | D:3      | Became a worshipper of Sif Muna the Loreminder
  1874 | D:3      | Reached skill level 1 in Shields
  2771 | D:3      | Noticed Natasha
  2774 | D:3      | Killed Natasha
  2868 | D:3      | Noticed Natasha
  2904 | D:4      | Reached skill level 7 in Stealth
  2904 | D:4      | Reached skill level 1 in Invocations
  2904 | D:4      | Reached XP level 5. HP: 13/25 MP: 6/6
  3104 | D:4      | Reached * piety under Sif Muna
  3179 | D:3      | Reached XP level 6. HP: 9/30 MP: 8/8
  3529 | D:3      | Killed Natasha
  4717 | D:4      | Found Joonnose's Weapon Emporium.
  4781 | D:4      | Found an ornate altar of the Wu Jian Council.
  4880 | D:4      | Reached skill level 8 in Stealth
  4880 | D:4      | Reached XP level 7. HP: 31/33 MP: 9/9
  5108 | D:4      | Reached skill level 5 in Dodging
  5439 | D:5      | Entered Level 5 of the Dungeon
  5473 | D:5      | Found Vergh's General Store.
  5581 | D:5      | Noticed ArcanElement's ghost (novice HuFi)
  5589 | D:5      | Found a runed translucent door.
  5774 | D:5      | Found Osuoqimp's Magic Scroll Emporium.
  5846 | D:5      | Found Vuck's Antique Armour Shop.
  5963 | D:5      | Found a runed translucent door.
  5965 | D:5      | Noticed Crazy Yiuf
  6054 | D:5      | Found a white marble altar of Elyvilon.
  6401 | D:5      | Found Wexury's General Store.
  6454 | D:5      | Found Uninod's Assorted Antiques.
  6719 | D:5      | Found a sparkling altar of Nemelex Xobeh.
  6961 | D:6      | Noticed Grinder
  7078 | D:6      | Reached skill level 5 in Short Blades
  7747 | D:6      | Noticed Blork the orc
  8313 | D:6      | Killed Blork the orc
  8314 | D:6      | Reached XP level 8. HP: 23/37 MP: 11/11
  8738 | D:6      | Noticed Maggie
  8741 | D:6      | Found a hide-covered altar of Uskayaw.
  8773 | D:6      | Mangled by Maggie

Illustrated notes

Levels and vault maps discovered:
D:1:      dpeg_arrival_stonehenge_8_columns, layout_rooms,
          shapermc_ecumenical_altar_starsandcircs, serial_park_tiny_2,
          nrook_loot_triangle, minmay_misc_feat_nine_boxes,
          minmay_split_cup_small
D:2:      layout_loops_ring, basic_altar, serial_bayou_pond_d,
          kennysheep_path_1, grunt_ministairs_11, uniq_terence
D:3:      minmay_inner_zag, layout_loops_ring, led_sif_book, serial_shops, shop,
          uniq_natasha
D:4:      layout_cave_pools, lemuel_doored_altar, serial_shops, shop
D:5:      layout_layer_cave, kennysheep_mini, elyvilon_altar_5,
          hellmonk_ghost_happy_afterlife, serial_shops, shop_coins, shop,
          nicolae_shop_behind_doors, kennysheep_mini_moat, nicolae_shop_stone,
          uniq_crazy_yiuf_cottage
D:6:      minmay_evil_eye, layout_cave_pools, nicolae_overflow_crystal_walls,
          kennysheep_generic_room_14, uniq_blork_the_orc, uniq_maggie,
          uniq_grinder

Skill      XL: |  1  2  3  4  5  6  7 |
---------------+----------------------+-----
Stealth        | 6 7 8 |  8.9
Dodging        | 2 3 4 5 |  5.8
Short Blades   | 3 4 5 |  5.2
Shields        | 1 2 |  2.9
Invocations    | 1 2 3 |  3.5
Fighting       | |  1.5
Throwing       | |  2.0

Action                   |  1- 3 |  4- 6 |  7- 9 || total
-------------------------+-------+-------+-------++-------
Melee: Dagger            |    80 |    43 |       ||   123
       Short sword       |       |   171 |   181 ||   352
 Fire: Hunting sling     |     4 |    49 |    82 ||   135
Throw: Dart              |     4 |     1 |     1 ||     6
Evoke: Wand              |       |     9 |     1 ||    10
  Use: Scroll            |     2 |     2 |     5 ||     9
       Potion            |       |     1 |     2 ||     3
 Stab: Sleeping          |    12 |     6 |     4 ||    22
       Distracted        |     2 |     1 |       ||     3
Armor: Robe              |     4 |    12 |     8 ||    24
       Skin              |       |     2 |       ||     2
Dodge: Dodged            |    38 |   122 |   119 ||   279
Block: Buckler           |     8 |    49 |    56 ||   113

Table legend: (Time is in decaauts)
 A = Elapsed time spent in this place.
 B = Non-inter-level travel time spent in this place.
 C = Inter-level travel time spent in this place.
 D = Time resting spent in this place.
 E = Time spent auto-exploring this place.
 F = Levels seen in this place.
 G = Mean time per level.
                   A        B        C        D        E       F      G
               +--------+--------+--------+--------+--------+-----+--------+
         Total |   6943 |   6612 |    331 |    319 |   4935 |   6 | 1157.2 |
       Dungeon |   6943 |   6612 |    331 |    319 |   4935 |   6 | 1157.2 |
               +--------+--------+--------+--------+--------+-----+--------+

Top non-repeatable levels by time:
     D:3: 1867 daAuts
     D:5: 1689 daAuts
     D:4: 1534 daAuts
     D:6: 729 daAuts
     D:1: 607 daAuts
     D:2: 515 daAuts
